 Dungeon Crawl Stone Soup version 0.31-a0-691-g409c26aa35 (webtiles) character file.

Game seed: 1544865541697824260

97 Ge0ff the Changeling (level 4, -10/23 HPs)
             Began as a Demigod Shapeshifter on Sept 6, 2023.
             Mangled by an ogre
             ... wielding a +0 giant club
              (23 damage)
             ... on level 4 of the Dungeon.
             The game lasted 00:06:28 (2637 turns).

Ge0ff the Changeling (Demigod Shapeshifter)         Turns: 2637, Time: 00:06:29

Health: -10/23     AC:  5    Str: 15    XL:     4   Next: 19%
Magic:  6/6        EV: 12    Int: 16    God:
Gold:   221        SH:  0    Dex: 13    Spells: 3/3 levels left

rFire   . .          .
                       - Unarmed
rCold   . . .        (shield currently unavailable)
rNeg    . . .        G - +0 robe {Will+}
rPois   .            (no helmet)
rElec   .            (no cloak)
rCorr   .            (no gloves)
SInv    .            D - +2 pair of boots
Will    +....        (no amulet)
Stlth   +            (no ring)
HPRegen 0.23/turn    (no ring)
MPRegen 0.10/turn

%: no passive effects
@: flux-form, glowing
A: glow, contaminating, reduced hp, high MP 1, forlorn, divine attributes
a: Begin Untransformation


You were on level 4 of the Dungeon.
You were something dangerously unstable.
You visited 1 branch of the dungeon, and saw 4 of its levels.

You collected 221 gold pieces.

Inventory:

Hand Weapons
 E - a +0 long sword
 K - a +2 heavy spear
 O - a +0 spear
 X - a +0 rapier
Missiles
 v - 5 curare-tipped darts {=F}
Armour
 D - a +2 pair of boots (worn)
 G - a +0 robe of willpower (worn)
Magical Staves
 C - a staff of cold
 H - a staff of conjuration
Talismans
 c - a beast talisman
 d - a flux talisman (active)
Scrolls
 F - 2 scrolls of amnesia
 I - a scroll of butterflies {unknown}
 N - a scroll of revelation {unknown}
 P - a scroll of noise {unknown}
 Q - 2 scrolls of fear {unknown}
 T - 5 scrolls of teleportation
 U - a scroll of enchant armour {unknown}
 V - 2 scrolls of vulnerability
Potions
 J - a potion of degeneration {unknown}
 M - a potion of enlightenment {unknown}
 R - a potion of mutation {unknown}
 S - 3 potions of brilliance {unknown}
 W - 2 potions of heal wounds {!q}
 Y - 2 potions of curing {unknown}
 Z - a potion of attraction {unknown}


   Skills:
 - Level 2.0 Fighting
 - Level 1.0 Throwing
 - Level 1.7 Dodging
 - Level 1.0 Stealth
 - Level 3.0 Unarmed Combat
 + Level 3.6 Shapeshifting


You had 3 spell levels left.
You didn't know any spells.
Your spell library was empty.

Dungeon Overview and Level Annotations

Branches:
Dungeon (4/15) Zot: 21368
 Temple: D:4-7

Shops:
D:2 (

Annotations:
D:2 Terence


Innate Abilities, Weirdness & Mutations

You are something dangerously unstable.
You glow with magical radiation, making you easy to see and hit.
Foes you strike become dangerously contaminated with magical radiation.
Your maximum health is decreased, since you lack skill for your form.
You are incapable of wielding weapons or throwing items.
You have an increased reservoir of magic. (+10% MP)
You shall have no god before yourself.
Your divine heritage dramatically boosts your attributes as you level up.


Message History

Your transformation has ended.
You turn into a tree.
Your +2 pair of boots melds into your body.
Your +0 robe of willpower melds into your body.
You feel less strong-willed.
Your roots penetrate the ground.
You are too injured to fight recklessly!
You are too injured to fight recklessly!
You are too injured to fight recklessly!
What are your orders? t - Creak!
Orders for allies: a - Attack new target. r - Retreat! s - Stop attacking. g - Guard the area. f - Follow me.
Anything else - Cancel.
You creak for attention!
You hear an angry hiss.
A goblin breaks down the door.
You closely miss the goblin.
An adder comes into view.
The goblin unwields a +0 sling.
The goblin wields a +0 dagger.
The goblin hits you but does no damage.
You closely miss the goblin. The goblin hits you but does no damage.
You hit the goblin.
The goblin is moderately wounded.
Your transformation is almost over.
The goblin hits you but does no damage.
You smack the goblin!
You kill the goblin!
You smack the kobold!
You kill the kobold!
You barely miss the ogre. The ogre hits you with a +0 giant club.
You barely miss the ogre. The ogre hits you with a +0 giant club.
You hit the ogre.
The ogre is lightly wounded.
You hit the ogre.
The ogre is moderately wounded.
The ogre hits you with a +0 giant club!!
* * * LOW HITPOINT WARNING * * *
You feel much better. The ogre hits you with a +0 giant club!
You smack the ogre!
The ogre is severely wounded.
You feel less wooden.
Your +2 pair of boots unmelds from your body.
Your +0 robe of willpower unmelds from your body.
You feel strong-willed.
You turn into something dangerously unstable.
You hit the ogre.
The ogre begins to glow.
The ogre is severely wounded.
The ogre hits you with a +0 giant club!!
Ouch! That really hurt!
You die...

##...##.### ###+#+########+##.#
..........#####.#.# #........#
#######.........#.# #........#
..#.....####..#.####........#
###.#.....#..#..#.............#
..#.#.....#..#..#.....(.......#
..#.##....#รท.#..#.............#
.......#..#<.#..#.####........#
................B............>#
..........#.....#O#######.#####
######...#####.#.S......#+#.
...............+........#_#.
########.#######........###.
#..# #............ ##.#
#............ .# ##'###.......
.# #.# .#####.


You could see an ogre (contam) and an adder.

Vanquished Creatures
  4 adders
  5 dart slugs
  7 ball pythons
  5 endoplasms
  A giant cockroach (D:1)
  7 goblins
  2 hobgoblins
  3 quokkas (D:1)
  4 bats
  2 frilled lizards (D:1)
  5 kobolds
  7 rats
52 creatures vanquished.

Notes
Turn   | Place    | Note
-------+----------+-------------------------------------------
     0 | D:1      | Ge0ff the Demigod Shapeshifter began the quest for the Orb.
     0 | D:1      | Reached XP level 1. HP: 15/15 MP: 3/3
    24 | D:1      | You fall into a shaft and drop 1 floor!
    54 | D:1      | Reached skill level 1 in Fighting
   183 | D:1      | Reached skill level 1 in Stealth
   395 | D:1      | Reached XP level 2. HP: 10/23 MP: 4/4
  1084 | D:2      | Found Zegaj's Weapon Emporium.
  1104 | D:2      | Reached XP level 3. HP: 12/29 MP: 5/5
  1459 | D:2      | Noticed Terence
  2057 | D:3      | Reached skill level 1 in Throwing
  2445 | D:4      | Reached XP level 4. HP: 17/36 MP: 6/6
  2616 | D:4      | Noticed an ogre
  2637 | D:4      | Mangled by an ogre

Illustrated notes

Levels and vault maps discovered:
D:1:      dpeg_arrival_subterranean_lakeside_camping, layout_basic,
          ebering_ecumenical_altar_sacrificial
D:2:      layout_loops_cross, serial_shops, nicolae_shop_rolling_square,
          small_statue_intersection, uniq_terence, uniq_crazy_yiuf_cottage
D:3:      layout_rooms, mainiacjoe_overflow_tiny_flanked,
          kennysheep_flooded_box, amcnicky_mini_corridor_feature
D:4:      layout_basic, ashenzari_conservatory_becter

Skill      XL: |  1  2  3 |
---------------+----------+-----
Fighting       | 1 2 |  2.0
Stealth        | 1 |  1.0
Unarmed Combat | 3 |  3.0
Shapeshifting  | 3 |  3.6
Throwing       | 1 |  1.0
Dodging        | |  1.7

Action                     |  1- 3 |  4- 6 || total
---------------------------+-------+-------++-------
  Melee: Unarmed           |   152 |    24 ||   176
    Use: Scroll            |     4 |       ||     4
         Potion            |       |     2 ||     2
   Stab: Sleeping          |     4 |       ||     4
 Armour: Animal skin       |    34 |       ||    34
         Robe              |    33 |     6 ||    39
         Skin              |       |     7 ||     7
  Dodge: Dodged            |    74 |    13 ||    87
   Form: Flux              |     1 |       ||     1

Table legend: (Time is in decaauts)
 A = Elapsed time spent in this place.
 B = Non-inter-level travel time spent in this place.
 C = Inter-level travel time spent in this place.
 D = Time resting spent in this place.
 E = Time spent auto-exploring this place.
 F = Levels seen in this place.
 G = Mean time per level.
                   A        B        C        D        E       F      G
               +--------+--------+--------+--------+--------+-----+--------+
         Total |   2630 |   2514 |    116 |      0 |   1900 |   4 |  657.5 |
       Dungeon |   2630 |   2514 |    116 |      0 |   1900 |   4 |  657.5 |
               +--------+--------+--------+--------+--------+-----+--------+

Top non-repeatable levels by time:
     D:1: 964 daAuts
     D:2: 868 daAuts
     D:3: 558 daAuts
     D:4: 239 daAuts
